 Dungeon Crawl Stone Soup version 0.18-a0-902-g8738618 (webtiles) character file.

53 Jmtri7 the Charlatan (level 4, -3/34 HPs)
             Began as a Formicid Artificer on Dec 25, 2015.
             Slain by a worm (10 damage)
             ... on level 2 of the Dungeon.
             The game lasted 00:04:48 (1325 turns).

Jmtri7 the Charlatan (Formicid Artificer)           Turns: 1325, Time: 00:04:48

Health: -3/34      AC:  6    Str: 17    XL:     4   Next: 11%
Magic:  6/6        EV: 11    Int: 11    God:
Gold:   53         SH:  0    Dex: 11    Spells: 0 memorised, 3 levels left

rFire  . . .     SeeInvis +     q - +1 dagger (speed)
rCold  . . .     Gourm    .     i - +0 ring mail
rNeg   . . .     Faith    +     (no shield)
rPois  +         Spirit   .     (helmet unavailable)
rElec  .         Dismiss  .     (no cloak)
rCorr  .         Reflect  .     (no gloves)
SustAt .         Harm     .     m - +0 pair of boots
MR     .....                    l - amulet of faith
Stlth  +.........               (no ring)
                                k - ring of poison resistance

@: starving, not resistant to hostile enchantments, very unstealthy
A: permanent stasis, dig shafts and tunnels, four strong arms, antennae 3
a: Dig, Shaft Self


You were on level 2 of the Dungeon.
You were starving.

You visited 1 branch of the dungeon, and saw 2 of its levels.

You collected 53 gold pieces.

Inventory:

Hand Weapons
 o - a +0 dagger of venom
 q - a +1 dagger of speed (weapon)
Armour
 i - a +0 ring mail (worn)
 m - a +0 pair of boots (worn)
Jewellery
 k - a ring of poison resistance (left hand)
 l - an amulet of faith (around neck)
Wands
 c - a wand of flame (15/48)
 d - a wand of enslavement (13/24)
 e - a wand of random effects (15/48)
Scrolls
 g - a scroll of teleportation {unknown}
 h - a scroll of identify {unknown}
 j - a scroll of blinking {unknown}
 p - a scroll of magic mapping {unknown}
 s - a scroll of immolation {unknown}
Potions
 a - a potion of flight {unknown}
 b - a potion of cure mutation {unknown}
 r - a potion of brilliance {unknown}
 t - a potion of magic {unknown}
Comestibles
 f - 2 bread rations
 n - a meat ration


   Skills:
 + Level 2.6 Fighting
 - Level 1.0 Short Blades
 + Level 2.6 Armour
 - Level 1.7 Dodging
 - Level 1.2 Stealth
 - Level 3.2 Evocations


You had 3 spell levels left.
You didn't know any spells.

Dungeon Overview and Level Annotations

Branches:
Dungeon (2/15)

Altars:


Innate Abilities, Weirdness & Mutations

You are under a permanent stasis effect.
You can dig through walls and to a lower floor.
Your four strong arms can wield two-handed weapons with a shield.
You have a pair of large antennae on your head (SInv).


Message History

a club; a goblin corpse You hit the worm but do no damage.
You barely miss the worm. You hit the worm but do no damage.
The worm bites you.
You hit the worm but do no damage. You hit the worm.
The worm is lightly wounded.
The worm barely misses you.
You hit the worm.
The worm is lightly wounded.
You barely miss the worm.
The worm is lightly wounded.
The worm bites you!
* * * LOW HITPOINT WARNING * * *
You hit the worm but do no damage.
The worm is lightly wounded.
You hit the worm but do no damage.
The worm is lightly wounded.
The worm bites you!
You die...

#.#..##.#...#..##.## #..
..............###..# #..
...............####.###..
..........................
........?.....###.......
.................#####..
........................
.................#####..
.......@)........# ###
.......w.........#
..........[......#
.....##..........# #####
############


You could see a worm.

Vanquished Creatures
  An ooze (D:2)
  2 giant geckos
  4 bats (D:1)
  2 giant cockroaches (D:1)
  5 goblins
  7 hobgoblins
  2 jackals (D:1)
  6 kobolds
  A quokka (D:2)
  2 giant newts (D:2)
  6 rats
38 creatures vanquished.

Vanquished Creatures (collateral kills)
  A jackal (D:1)
1 creature vanquished.

Vanquished Creatures (others)
  A jackal (D:1)
1 creature vanquished.

Grand Total: 40 creatures vanquished

Notes
Turn   | Place    | Note
--------------------------------------------------------------
     0 | D:1      | Jmtri7 the Formicid Artificer began the quest for the Orb.
     0 | D:1      | Reached XP level 1. HP: 15/15 MP: 3/3
   120 | D:1      | Reached XP level 2. HP: 15/22 MP: 4/4
   132 | D:1      | Reached skill level 1 in Armour
   420 | D:1      | Reached XP level 3. HP: 9/27 MP: 5/5
  1088 | D:2      | Reached XP level 4. HP: 21/34 MP: 6/6
  1325 | D:2      | Slain by a worm

Vault maps used:
D:1:      minmay_arrival_hallway
D:2:      first_bread, st_stairs_3, grunt_decor_resistance, eino_tiny_chamber

Action                   |  1- 3 |  4- 6 || total
-------------------------+-------+-------++-------
Melee: Short sword       |   122 |       ||   122
       Dagger            |    37 |    51 ||    88
 Abil: Dig               |     4 |       ||     4
Evoke: Wand              |     2 |       ||     2
